Sarnia Sailors vs Toronto St Pats
Created - Wednesday, October 9, 2024 at 10:12
Goals
|
| Sarnia Sailors |
0 |
0 |
0 |
0 |
| Toronto St Pats |
1 |
1 |
0 |
2 |
|
Shots
|
| Sarnia Sailors |
14 |
9 |
3 |
26 |
| Toronto St Pats |
11 |
14 |
9 |
34 |
|
1st period
1. Toronto St Pats , Nick Cousins 20 (Sam Malinski 13, Scott Perunovich 15) at 18:25 (PP)
Penalties :
Ryan Tverberg (TSP) for Hooking (Minor) at 2:41, Ryan Tverberg (TSP) for High sticking (Minor) at 15:28, Brad Lambert (SAR) for Slashing (Minor) at 18:11
2nd period
2. Toronto St Pats , Connor Dewar 16 (Travis Boyd 33, Nick Cousins 21) at 9:13
Penalties :
Declan Chisholm (SAR) for Tripping (Minor) at 10:22, Brad Lambert (SAR) for Slashing (Minor) at 18:58
3rd period
No Goal
Penalties :
Austin Watson (TSP) for Roughing (Minor) at 3:39, Lassi Thomson (TSP) for Fighting (Major) at 6:03, Adam Ginning (SAR) for Fighting (Major) at 6:03, Lassi Thomson (TSP) for instigated a fight (Minor) at 6:03, Lassi Thomson (TSP) for instigated a fight (10 Minutes Misconduct) at 6:03, Lucas Carlsson (TSP) for Interference (Minor) at 10:31
Goalie Stats
Sebastian Cossa (SAR), 32 saves from 34 shots - (0.941), L, 7-4-1, 60:00 minutes
Adam Scheel (TSP), 26 saves from 26 shots - (1.000), W, 14-11-0, 60:00 minutes
Players Stats for Sarnia Sailors
Player Name G A P +/- PIM S H SB GA TA FO MP PP MP PK MP
------------------------------------------------------------------------------------
Adam Erne 0 0 0 0 0 1 1 0 0 0 0/0 15:57 0:02 2:38
Adam Ginning 0 0 0 -1 5 0 0 1 0 0 0/0 10:35 0:00 0:04
Antti Saarela 0 0 0 0 0 0 0 1 0 0 2/5 7:46 0:00 0:00
Arthur Kaliyev 0 0 0 -1 0 2 2 0 1 0 1/1 21:28 5:13 0:40
Brad Lambert 0 0 0 -1 4 1 3 0 0 0 14/22 21:18 5:13 0:35
Cole Reinhardt 0 0 0 0 0 1 3 0 0 1 0/1 14:12 4:40 0:00
Declan Chisholm 0 0 0 0 2 3 0 0 2 0 0/0 24:23 5:11 1:44
Jack Rathbone 0 0 0 0 0 2 1 1 0 1 0/0 23:56 4:44 1:40
Jamie Drysdale 0 0 0 0 0 3 2 1 0 0 0/0 27:53 5:11 2:32
Jesse Puljujarvi 0 0 0 0 0 5 1 3 2 0 1/1 17:33 4:32 0:00
Jett Woo 0 0 0 0 0 0 2 0 0 1 0/0 20:44 4:44 1:40
Landon Slaggert 0 0 0 0 0 1 0 0 2 1 0/0 8:40 0:00 0:54
Logan Morrison 0 0 0 0 0 0 2 2 0 0 5/11 12:29 0:10 2:43
Lucas Edmonds 0 0 0 0 0 1 1 0 1 0 0/0 8:20 0:02 0:00
Samuel Walker 0 0 0 0 0 2 2 1 0 0 0/0 8:45 0:00 0:00
Tristen Nielsen 0 0 0 0 0 1 0 0 0 0 12/19 18:37 4:40 0:54
Tyson Hinds 0 0 0 -1 0 1 0 0 1 0 0/0 12:27 0:00 0:44
Vasili Podkolzin 0 0 0 -1 0 2 3 0 1 0 2/3 20:41 5:13 0:00
Players Stats for Toronto St Pats
Player Name G A P +/- PIM S H SB GA TA FO MP PP MP PK MP
------------------------------------------------------------------------------------
Austin Watson 0 0 0 0 2 2 1 0 0 0 0/0 14:41 1:57 0:00
Bogdan Trineyev 0 0 0 0 0 1 1 0 0 0 1/1 7:39 0:00 0:00
Brendan Brisson 0 0 0 0 0 3 1 1 0 0 5/11 19:48 2:07 5:10
Brendan Gaunce 0 0 0 0 0 2 2 0 0 2 7/16 12:57 0:10 0:09
Brett Berard 0 0 0 0 0 1 3 1 0 1 0/1 10:49 0:00 0:00
Connor Dewar 1 0 1 1 0 1 0 0 1 0 9/20 20:08 2:05 4:29
John Farinacci 0 0 0 0 0 1 1 0 0 1 2/4 11:22 0:00 0:49
Lassi Thomson 0 0 0 1 17 1 0 0 0 0 0/0 9:34 0:00 0:00
Lucas Carlsson 0 0 0 1 2 2 1 0 0 3 0/0 14:56 2:01 0:00
Mackie Samoskevich 0 0 0 0 0 1 0 0 0 0 1/1 15:00 2:07 0:00
Matthew Maggio 0 0 0 0 0 3 2 1 0 0 0/0 7:49 0:00 0:00
Nick Cousins 1 1 2 1 0 3 1 0 0 0 1/3 19:57 2:05 4:29
Nikita Okhotiuk 0 0 0 0 0 2 2 1 0 1 0/0 24:11 0:00 5:22
Pierre-Olivier Joseph 0 0 0 0 0 3 0 5 1 0 0/0 25:58 2:01 5:22
Ryan Tverberg 0 0 0 0 4 4 1 0 0 0 0/0 12:01 0:00 0:00
Sam Malinski 0 1 1 0 0 0 1 1 0 1 0/0 21:44 2:11 4:33
Scott Perunovich 0 1 1 0 0 2 1 2 0 0 0/0 21:41 2:11 4:33
Travis Boyd 0 1 1 1 0 2 0 0 2 1 0/6 20:02 2:05 5:01
3 Stars
1 - Adam Scheel (TSP)
2 - Nick Cousins (TSP)
3 - Connor Dewar (TSP)
Power Play
Sarnia Sailors - 0 on 5 Attempt(s) - 0.00%
Toronto St Pats - 1 on 3 Attempt(s) - 33.33%
Penalty Kill
Sarnia Sailors - 2 on 3 Attempt(s) - 66.67%
- Score 0 goal in Penalty Kill
Toronto St Pats - 5 on 5 Attempt(s) - 100.00%
- Score 0 goal in Penalty Kill
Team Stat
Sarnia Sailors - Hits : 23 - Faceoff Wins : 37 - Blocked Shots : 10 - Penalty Minutes : 11
Toronto St Pats - Hits : 18 - Faceoff Wins : 26 - Blocked Shots : 12 - Penalty Minutes : 25
Official
Referees : Kendrick Nicholson and Kevin Pollock
Linesman : Ryan Galloway and Libor Suchanek
Game Notes
Lassi Thomson and Adam Ginning fight to a draw at 6:03 of 3rd period
Sarnia Sailors
5 vs 5 Forward
Center Left Wing Right Wing Time % Phy DF OF
1 Brad Lambert Vasili Podkolzin Arthur Kaliyev 40 2 1 2
2 Tristen Nielsen Adam Erne Jesse Puljujarvi 30 2 1 2
3 Logan Morrison Samuel Walker Cole Reinhardt 20 1 2 2
4 Antti Saarela Landon Slaggert Lucas Edmonds 10 2 1 2
5 vs 5 Defense
Defense Defense Time % Phy DF OF
1 Jamie Drysdale Declan Chisholm 40 1 2 2
2 Jett Woo Jack Rathbone 30 2 1 2
3 Tyson Hinds Adam Ginning 20 2 2 1
4 Jamie Drysdale Jack Rathbone 10 1 2 2
PowerPlay Forward
Center Left Wing Right Wing Time % Phy DF OF
1 Brad Lambert Vasili Podkolzin Arthur Kaliyev 60 0 1 4
2 Tristen Nielsen Cole Reinhardt Jesse Puljujarvi 40 0 1 4
PowerPlay Defense
Defense Defense Time % Phy DF OF
1 Jamie Drysdale Declan Chisholm 60 1 1 3
2 Jett Woo Jack Rathbone 40 2 1 2
Penalty Kill 4 Players Forward
Center Wing Time % Phy DF OF
1 Logan Morrison Adam Erne 60 2 2 1
2 Tristen Nielsen Landon Slaggert 40 2 2 1
Penalty Kill 4 Players Defense
Defense Defense Time % Phy DF OF
1 Jamie Drysdale Declan Chisholm 60 2 1 2
2 Jett Woo Jack Rathbone 40 2 2 1
Penalty Kill - 3 Players Forward
Forward Time % Phy DF OF
1 Logan Morrison 60 2 2 1
2 Tristen Nielsen 40 2 2 1
Penalty Kill - 3 Players Defense
Defense Defense Time % Phy DF OF
1 Jamie Drysdale Declan Chisholm 60 2 1 2
2 Jett Woo Jack Rathbone 40 2 2 1
4 vs 4 Forward
Center Wing Time % Phy DF OF
1 Brad Lambert Arthur Kaliyev 60 2 1 2
2 Tristen Nielsen Vasili Podkolzin 40 2 1 2
4 vs 4 Defense
Defense Defense Time % Phy DF OF
1 Jamie Drysdale Declan Chisholm 60 1 2 2
2 Jett Woo Jack Rathbone 40 2 1 2
Last Minutes Offensive
Center Left Wing Right Wing Defense Defense
Brad Lambert Vasili Podkolzin Arthur Kaliyev Jamie Drysdale Jack Rathbone
Last Minutes Defensive
Center Left Wing Right Wing Defense Defense
Brad Lambert Vasili Podkolzin Arthur Kaliyev Jamie Drysdale Jack Rathbone
Goaltenders
Starting : Sebastian Cossa
Backup : Remi Poirier
Extra Forwards
Normal : Logan Morrison, Cole Reinhardt, Lucas Edmonds - PP : Logan Morrison, Cole Reinhardt - PK : Logan Morrison
Extra Defensemen
Normal : Tyson Hinds, Adam Ginning, Jamie Drysdale - PP : Tyson Hinds - PK : Tyson Hinds, Adam Ginning
Penalty Shots
Arthur Kaliyev, Jesse Puljujarvi, Adam Erne, Vasili Podkolzin, Samuel Walker
Scratches
Daniel Torgersson (Healthy), Tyler Boucher (Healthy), Zach Uens (Healthy), Rory Kerins (Healthy), Dylan Ferguson (Healthy)
Toronto St Pats
5 vs 5 Forward
Center Left Wing Right Wing Time % Phy DF OF
1 Connor Dewar Nick Cousins Travis Boyd 30 1 2 2
2 Brendan Brisson Austin Watson Mackie Samoskevich 30 1 2 2
3 Brendan Gaunce Brett Berard Ryan Tverberg 25 1 2 2
4 John Farinacci Bogdan Trineyev Matthew Maggio 15 1 2 2
5 vs 5 Defense
Defense Defense Time % Phy DF OF
1 Nikita Okhotiuk Pierre-Olivier Joseph 30 1 2 2
2 Sam Malinski Scott Perunovich 30 1 2 2
3 Lucas Carlsson Lassi Thomson 25 1 2 2
4 Nikita Okhotiuk Pierre-Olivier Joseph 15 1 2 2
PowerPlay Forward
Center Left Wing Right Wing Time % Phy DF OF
1 Connor Dewar Nick Cousins Travis Boyd 50 1 2 2
2 Brendan Brisson Austin Watson Mackie Samoskevich 50 1 2 2
PowerPlay Defense
Defense Defense Time % Phy DF OF
1 Sam Malinski Scott Perunovich 50 1 2 2
2 Lucas Carlsson Pierre-Olivier Joseph 50 1 2 2
Penalty Kill 4 Players Forward
Center Wing Time % Phy DF OF
1 Connor Dewar Nick Cousins 50 1 2 2
2 Travis Boyd Brendan Brisson 50 1 2 2
Penalty Kill 4 Players Defense
Defense Defense Time % Phy DF OF
1 Nikita Okhotiuk Pierre-Olivier Joseph 50 1 2 2
2 Sam Malinski Scott Perunovich 50 1 2 2
Penalty Kill - 3 Players Forward
Forward Time % Phy DF OF
1 Connor Dewar 50 1 2 2
2 Nick Cousins 50 1 2 2
Penalty Kill - 3 Players Defense
Defense Defense Time % Phy DF OF
1 Nikita Okhotiuk Pierre-Olivier Joseph 50 1 2 2
2 Sam Malinski Scott Perunovich 50 1 2 2
4 vs 4 Forward
Center Wing Time % Phy DF OF
1 Connor Dewar Nick Cousins 50 1 2 2
2 Travis Boyd Brendan Brisson 50 1 2 2
4 vs 4 Defense
Defense Defense Time % Phy DF OF
1 Nikita Okhotiuk Pierre-Olivier Joseph 50 1 2 2
2 Sam Malinski Scott Perunovich 50 1 2 2
Last Minutes Offensive
Center Left Wing Right Wing Defense Defense
Connor Dewar Nick Cousins Travis Boyd Nikita Okhotiuk Pierre-Olivier Joseph
Last Minutes Defensive
Center Left Wing Right Wing Defense Defense
Connor Dewar Nick Cousins Travis Boyd Nikita Okhotiuk Pierre-Olivier Joseph
Goaltenders
Starting : Adam Scheel
Backup : Jakub Skarek
Extra Forwards
Normal : Brendan Gaunce, Ryan Tverberg, John Farinacci - PP : Brendan Gaunce, Ryan Tverberg - PK : John Farinacci
Extra Defensemen
Normal : Lucas Carlsson, Lassi Thomson, Sam Malinski - PP : Lucas Carlsson - PK : Lassi Thomson, Sam Malinski
Penalty Shots
Connor Dewar, Nick Cousins, Travis Boyd, Brendan Brisson, Austin Watson
Scratches
Cole McWard (Healthy), Nico Myatovic (Healthy), Eetu Liukas (Healthy), Ville Koivunen (Healthy), Jake Leschyshyn (Healthy)
Brett Brochu (Healthy), Will Cranley (Healthy)
% Time on Ice - Sarnia Sailors
Lines # - Real PCT - Wanted PCT - Time Play
Normal Forward
1 - 34% - 40% - 15:46
2 - 30% - 30% - 13:36
3 - 19% - 20% - 8:45
4 - 17% - 10% - 7:46
Normal Defense
1 - 38% - 40% - 17:29
2 - 31% - 30% - 14:20
3 - 26% - 20% - 11:43
4 - 5% - 10% - 2:21
PP Forward
1 - 53% - 60% - 5:15
2 - 47% - 40% - 4:40
PP Defense
1 - 52% - 60% - 5:11
2 - 48% - 40% - 4:44
PK Forward
1 - 79% - 60% - 3:18
2 - 21% - 40% - 0:54
PK Defense
1 - 60% - 60% - 2:32
2 - 40% - 40% - 1:40
PK3 Forward
1 - 0% - 60%
2 - 0% - 40%
PK3 Defense
1 - 0% - 60%
2 - 0% - 40%
44 Forward
1 - 0% - 60%
2 - 0% - 40%
44 Defense
1 - 0% - 60%
2 - 0% - 40%
Last Minute Offensive - 0:00
Last Minute Defensive - 0:00
Total
Forward - 60:00
Defense - 60:00
|
% Time on Ice - Toronto St Pats
Lines # - Real PCT - Wanted PCT - Time Play
Normal Forward
1 - 31% - 30% - 14:15
2 - 29% - 30% - 13:10
3 - 24% - 25% - 10:49
4 - 17% - 15% - 7:39
Normal Defense
1 - 31% - 30% - 14:09
2 - 36% - 30% - 16:30
3 - 24% - 25% - 10:55
4 - 9% - 15% - 4:19
PP Forward
1 - 50% - 50% - 2:05
2 - 50% - 50% - 2:07
PP Defense
1 - 52% - 50% - 2:11
2 - 48% - 50% - 2:01
PK Forward
1 - 48% - 50% - 4:45
2 - 52% - 50% - 5:10
PK Defense
1 - 54% - 50% - 5:22
2 - 46% - 50% - 4:33
PK3 Forward
1 - 0% - 50%
2 - 0% - 50%
PK3 Defense
1 - 0% - 50%
2 - 0% - 50%
44 Forward
1 - 0% - 50%
2 - 0% - 50%
44 Defense
1 - 0% - 50%
2 - 0% - 50%
Last Minute Offensive - 0:00
Last Minute Defensive - 0:00
Total
Forward - 60:00
Defense - 60:00
|
Play-by-Play
1st period
0:01 of 1st period - Brad Lambert wins face-off versus Connor Dewar in neutral zone.
1:11 of 1st period - Snap shot by Landon Slaggert.
1:11 of 1st period - Shot Misses the Net.
1:13 of 1st period - Snap shot by Antti Saarela.
1:13 of 1st period - Shot Blocked by Matthew Maggio.
1:15 of 1st period - Snap shot by Jett Woo.
1:15 of 1st period - Shot Misses the Net.
1:27 of 1st period - Snap shot by Matthew Maggio.
1:27 of 1st period - Stopped by Sebastian Cossa with a rebound.
1:59 of 1st period - Snap shot by Brendan Brisson.
1:59 of 1st period - Shot Blocked by Jesse Puljujarvi.
2:01 of 1st period - Slapshot by Lassi Thomson.
2:01 of 1st period - Deflect By Brendan Brisson.
2:01 of 1st period - Stopped by Sebastian Cossa without a rebound.
2:02 of 1st period - Tristen Nielsen wins face-off versus Brendan Brisson in Sarnia Sailors zone.
2:02 of 1st period - Tristen Nielsen is hit by Austin Watson.
2:10 of 1st period - Snap shot by Jesse Puljujarvi.
2:10 of 1st period - Deflect By Tristen Nielsen.
2:10 of 1st period - Shot Misses the Net.
2:10 of 1st period - Puck is out of play.
2:11 of 1st period - Tristen Nielsen wins face-off versus Connor Dewar in Toronto St Pats zone.
2:28 of 1st period - Slapshot by Jesse Puljujarvi.
2:28 of 1st period - Stopped by Adam Scheel with a rebound.
2:30 of 1st period - Slapshot by Jack Rathbone.
2:30 of 1st period - Stopped by Adam Scheel with a rebound.
2:32 of 1st period - Wrist shot by Jesse Puljujarvi.
2:32 of 1st period - Stopped by Adam Scheel without a rebound.
2:33 of 1st period - Logan Morrison wins face-off versus Brendan Gaunce in Toronto St Pats zone.
2:41 of 1st period - Minor Penalty to Ryan Tverberg for Hooking.
2:42 of 1st period - Brad Lambert wins face-off versus Connor Dewar in Toronto St Pats zone.
2:50 of 1st period - Wrist shot by Arthur Kaliyev.
2:50 of 1st period - Shot Misses the Net.
3:10 of 1st period - Icing by Tristen Nielsen.
3:11 of 1st period - Tristen Nielsen wins face-off versus Travis Boyd in Sarnia Sailors zone.
3:20 of 1st period - Slapshot by Jamie Drysdale.
3:20 of 1st period - Deflect By Jesse Puljujarvi.
3:20 of 1st period - Shot Misses the Net.
3:20 of 1st period - Puck is out of play.
3:21 of 1st period - Brad Lambert wins face-off versus Travis Boyd in Toronto St Pats zone.
3:24 of 1st period - Wrist shot by Vasili Podkolzin.
3:24 of 1st period - Shot Blocked by Brendan Brisson.
3:52 of 1st period - Wrist shot by Tristen Nielsen.
3:52 of 1st period - Shot Blocked by Scott Perunovich.
4:09 of 1st period - Off-side.
4:10 of 1st period - Vasili Podkolzin wins face-off versus Travis Boyd in neutral zone.
4:41 of 1st period - Penalty to Ryan Tverberg is over, Ryan Tverberg is back on ice.
4:59 of 1st period - Snap shot by Landon Slaggert.
4:59 of 1st period - Shot Blocked by Pierre-Olivier Joseph.
5:19 of 1st period - Austin Watson is hit by Cole Reinhardt and loses puck.
5:26 of 1st period - Wrist shot by Samuel Walker.
5:26 of 1st period - Stopped by Adam Scheel with a rebound.
5:38 of 1st period - Jesse Puljujarvi is hit by Ryan Tverberg.
6:27 of 1st period - Wrist shot by Matthew Maggio.
6:27 of 1st period - Stopped by Sebastian Cossa without a rebound.
6:28 of 1st period - Tristen Nielsen wins face-off versus Brendan Gaunce in Sarnia Sailors zone.
6:33 of 1st period - Wrist shot by Jesse Puljujarvi.
6:33 of 1st period - Stopped by Adam Scheel with a rebound.
6:53 of 1st period - Austin Watson is hit by Vasili Podkolzin and loses puck.
7:12 of 1st period - Snap shot by Landon Slaggert.
7:12 of 1st period - Stopped by Adam Scheel without a rebound.
7:13 of 1st period - Antti Saarela wins face-off versus Nick Cousins in Toronto St Pats zone.
7:20 of 1st period - Snap shot by Landon Slaggert.
7:20 of 1st period - Deflect By Lucas Edmonds.
7:20 of 1st period - Shot Misses the Net.
7:20 of 1st period - Puck is out of play.
7:21 of 1st period - Brad Lambert wins face-off versus Travis Boyd in Toronto St Pats zone.
7:36 of 1st period - Wrist shot by Travis Boyd.
7:36 of 1st period - Stopped by Sebastian Cossa with a rebound.
7:45 of 1st period - Off-side.
7:46 of 1st period - Brendan Brisson wins face-off versus Logan Morrison in neutral zone.
7:55 of 1st period - Snap shot by Mackie Samoskevich.
7:55 of 1st period - Stopped by Sebastian Cossa with a rebound.
7:57 of 1st period - Snap shot by Scott Perunovich.
7:57 of 1st period - Deflect By Mackie Samoskevich.
7:57 of 1st period - Shot Blocked by Logan Morrison.
7:57 of 1st period - Puck is out of play.
7:58 of 1st period - Brad Lambert wins face-off versus Connor Dewar in Sarnia Sailors zone.
8:30 of 1st period - Wrist shot by Austin Watson.
8:30 of 1st period - Stopped by Sebastian Cossa with a rebound.
8:32 of 1st period - Slapshot by Pierre-Olivier Joseph.
8:32 of 1st period - Stopped by Sebastian Cossa with a rebound.
8:50 of 1st period - Slapshot by Scott Perunovich.
8:50 of 1st period - Stopped by Sebastian Cossa with a rebound.
9:02 of 1st period - Snap shot by Jesse Puljujarvi.
9:02 of 1st period - Shot Misses the Net.
9:04 of 1st period - Wrist shot by Jesse Puljujarvi.
9:04 of 1st period - Stopped by Adam Scheel without a rebound.
9:05 of 1st period - Brendan Gaunce wins face-off versus Brad Lambert in Toronto St Pats zone.
9:50 of 1st period - Wrist shot by Pierre-Olivier Joseph.
9:50 of 1st period - Shot Misses the Net.
10:00 of 1st period - Cole Reinhardt is hit by John Farinacci and loses puck.
10:33 of 1st period - Wrist shot by Travis Boyd.
10:33 of 1st period - Stopped by Sebastian Cossa with a rebound.
10:49 of 1st period - Wrist shot by Brett Berard.
10:49 of 1st period - Shot Misses the Net.
10:56 of 1st period - Wrist shot by Vasili Podkolzin.
10:56 of 1st period - Shot Blocked by Pierre-Olivier Joseph.
11:09 of 1st period - Slapshot by Declan Chisholm.
11:09 of 1st period - Stopped by Adam Scheel with a rebound.
11:11 of 1st period - Wrist shot by Tristen Nielsen.
11:11 of 1st period - Shot Misses the Net.
11:13 of 1st period - Snap shot by Declan Chisholm.
11:13 of 1st period - Stopped by Adam Scheel with a rebound.
11:36 of 1st period - Wrist shot by John Farinacci.
11:36 of 1st period - Stopped by Sebastian Cossa with a rebound.
12:06 of 1st period - Cole Reinhardt is hit by Brett Berard and loses puck.
12:36 of 1st period - Icing by Landon Slaggert.
12:37 of 1st period - Tristen Nielsen wins face-off versus John Farinacci in Sarnia Sailors zone.
12:37 of 1st period - Tristen Nielsen is hit by Matthew Maggio.
13:03 of 1st period - Declan Chisholm is hit by Bogdan Trineyev and loses puck.
13:15 of 1st period - Off-side.
13:16 of 1st period - Brad Lambert wins face-off versus Connor Dewar in neutral zone.
13:29 of 1st period - Tyson Hinds is hit by Nikita Okhotiuk and loses puck.
13:45 of 1st period - Off-side.
13:46 of 1st period - Brendan Brisson wins face-off versus Cole Reinhardt in neutral zone.
14:01 of 1st period - Brendan Brisson is hit by Cole Reinhardt and loses puck.
14:20 of 1st period - Off-side.
14:21 of 1st period - Brad Lambert wins face-off versus Nick Cousins in neutral zone.
14:30 of 1st period - Wrist shot by Arthur Kaliyev.
14:30 of 1st period - Stopped by Adam Scheel without a rebound.
14:31 of 1st period - Connor Dewar wins face-off versus Brad Lambert in Toronto St Pats zone.
15:06 of 1st period - Wrist shot by Brad Lambert.
15:06 of 1st period - Shot Misses the Net.
15:08 of 1st period - Snap shot by Brad Lambert.
15:08 of 1st period - Shot Misses the Net.
15:21 of 1st period - Slapshot by Tyson Hinds.
15:21 of 1st period - Deflect By Nikita Okhotiuk.
15:21 of 1st period - Stopped by Adam Scheel without a rebound.
15:22 of 1st period - Jesse Puljujarvi wins face-off versus Brendan Gaunce in Toronto St Pats zone.
15:28 of 1st period - Minor Penalty to Ryan Tverberg for High sticking.
15:29 of 1st period - Tristen Nielsen wins face-off versus Travis Boyd in Toronto St Pats zone.
15:44 of 1st period - Wrist shot by Jesse Puljujarvi.
15:44 of 1st period - Stopped by Adam Scheel with a rebound.
15:54 of 1st period - Brad Lambert is hit by Scott Perunovich and loses puck.
17:02 of 1st period - Icing by Tristen Nielsen.
17:03 of 1st period - Tristen Nielsen wins face-off versus Travis Boyd in Sarnia Sailors zone.
17:28 of 1st period - Penalty to Ryan Tverberg is over, Ryan Tverberg is back on ice.
17:34 of 1st period - Off-side.
17:35 of 1st period - Antti Saarela wins face-off versus Brett Berard in neutral zone.
17:48 of 1st period - Slapshot by Jamie Drysdale.
17:48 of 1st period - Deflect By Antti Saarela.
17:48 of 1st period - Shot Blocked by Nikita Okhotiuk.
17:48 of 1st period - Puck is out of play.
17:49 of 1st period - Brendan Gaunce wins face-off versus Brad Lambert in Toronto St Pats zone.
17:49 of 1st period - Brendan Gaunce is hit by Brad Lambert.
18:03 of 1st period - Brett Berard is hit by Vasili Podkolzin and loses puck.
18:11 of 1st period - Minor Penalty to Brad Lambert for Slashing.
18:12 of 1st period - Connor Dewar wins face-off versus Logan Morrison in Sarnia Sailors zone.
18:19 of 1st period - Wrist shot by Nick Cousins.
18:19 of 1st period - Shot Misses the Net.
18:21 of 1st period - Slapshot by Scott Perunovich.
18:21 of 1st period - Shot Blocked by Logan Morrison.
18:25 of 1st period - Snap shot by Nick Cousins.
18:25 of 1st period - Goal by Nick Cousins - Sarnia Sailors : 0 - Toronto St Pats : 1.
18:26 of 1st period - Brad Lambert wins face-off versus Brendan Brisson in neutral zone.
19:08 of 1st period - Wrist shot by Vasili Podkolzin.
19:08 of 1st period - Stopped by Adam Scheel with a rebound.
19:10 of 1st period - Snap shot by Vasili Podkolzin.
19:10 of 1st period - Stopped by Adam Scheel without a rebound.
19:11 of 1st period - Tristen Nielsen wins face-off versus Brendan Gaunce in Toronto St Pats zone.
19:14 of 1st period - Snap shot by Tristen Nielsen.
19:14 of 1st period - Shot Misses the Net.
19:24 of 1st period - Wrist shot by Brett Berard.
19:24 of 1st period - Shot Misses the Net.
Goals for this period are 0 for Sarnia Sailors vs 1 for Toronto St Pats.
Shots for this period are 14 for Sarnia Sailors vs 11 for Toronto St Pats.
2nd period
0:01 of 2nd period - Brendan Gaunce wins face-off versus Brad Lambert in neutral zone.
0:12 of 2nd period - Snap shot by Brett Berard.
0:12 of 2nd period - Shot Misses the Net.
0:14 of 2nd period - Snap shot by Brett Berard.
0:14 of 2nd period - Shot Misses the Net.
0:16 of 2nd period - Snap shot by Brendan Gaunce.
0:16 of 2nd period - Deflect By Jamie Drysdale.
0:16 of 2nd period - Stopped by Sebastian Cossa with a rebound.
0:28 of 2nd period - Snap shot by Jesse Puljujarvi.
0:28 of 2nd period - Shot Misses the Net.
0:53 of 2nd period - Wrist shot by Travis Boyd.
0:53 of 2nd period - Deflect By Connor Dewar.
0:53 of 2nd period - Shot Hit the Post.
0:53 of 2nd period - Puck is out of play.
0:54 of 2nd period - Brad Lambert wins face-off versus Connor Dewar in Sarnia Sailors zone.
1:19 of 2nd period - Jesse Puljujarvi is hit by Brendan Gaunce and loses puck.
1:44 of 2nd period - Wrist shot by Landon Slaggert.
1:44 of 2nd period - Shot Blocked by Pierre-Olivier Joseph.
1:46 of 2nd period - Wrist shot by Landon Slaggert.
1:46 of 2nd period - Shot Misses the Net.
1:48 of 2nd period - Slapshot by Jack Rathbone.
1:48 of 2nd period - Shot Misses the Net.
1:50 of 2nd period - Slapshot by Jack Rathbone.
1:50 of 2nd period - Stopped by Adam Scheel without a rebound.
1:51 of 2nd period - Brad Lambert wins face-off versus Connor Dewar in Toronto St Pats zone.
1:56 of 2nd period - Wrist shot by Arthur Kaliyev.
1:56 of 2nd period - Stopped by Adam Scheel with a rebound.
2:02 of 2nd period - Wrist shot by Arthur Kaliyev.
2:02 of 2nd period - Shot Misses the Net.
2:29 of 2nd period - Ryan Tverberg is hit by Jett Woo.
2:41 of 2nd period - Wrist shot by Adam Erne.
2:41 of 2nd period - Stopped by Adam Scheel with a rebound.
2:46 of 2nd period - Off-side.
2:47 of 2nd period - Tristen Nielsen wins face-off versus Connor Dewar in neutral zone.
3:02 of 2nd period - Jesse Puljujarvi is hit by Nick Cousins and loses puck.
3:21 of 2nd period - Wrist shot by Brendan Brisson.
3:21 of 2nd period - Shot Blocked by Samuel Walker.
3:23 of 2nd period - Snap shot by Mackie Samoskevich.
3:23 of 2nd period - Deflect By Brendan Brisson.
3:23 of 2nd period - Stopped by Sebastian Cossa without a rebound.
3:24 of 2nd period - Brad Lambert wins face-off versus Brendan Gaunce in Sarnia Sailors zone.
3:35 of 2nd period - Slapshot by Brendan Gaunce.
3:35 of 2nd period - Stopped by Sebastian Cossa without a rebound.
3:36 of 2nd period - Brad Lambert wins face-off versus Brendan Brisson in Sarnia Sailors zone.
3:45 of 2nd period - Backhand shot by Arthur Kaliyev.
3:45 of 2nd period - Deflect By Brad Lambert.
3:45 of 2nd period - Stopped by Adam Scheel with a rebound.
4:17 of 2nd period - Icing by Jack Rathbone.
4:18 of 2nd period - Tristen Nielsen wins face-off versus Brendan Gaunce in Sarnia Sailors zone.
5:46 of 2nd period - Declan Chisholm is hit by Brett Berard and loses puck.
6:24 of 2nd period - Snap shot by Nick Cousins.
6:24 of 2nd period - Stopped by Sebastian Cossa without a rebound.
6:25 of 2nd period - Brendan Gaunce wins face-off versus Tristen Nielsen in Sarnia Sailors zone.
6:28 of 2nd period - Snap shot by Ryan Tverberg.
6:28 of 2nd period - Stopped by Sebastian Cossa without a rebound.
6:29 of 2nd period - Brendan Gaunce wins face-off versus Tristen Nielsen in Sarnia Sailors zone.
6:32 of 2nd period - Snap shot by Ryan Tverberg.
6:32 of 2nd period - Shot Blocked by Jesse Puljujarvi.
6:34 of 2nd period - Snap shot by Ryan Tverberg.
6:34 of 2nd period - Stopped by Sebastian Cossa without a rebound.
6:35 of 2nd period - Brendan Gaunce wins face-off versus Tristen Nielsen in Sarnia Sailors zone.
6:42 of 2nd period - Snap shot by Ryan Tverberg.
6:42 of 2nd period - Stopped by Sebastian Cossa without a rebound.
6:43 of 2nd period - Brendan Brisson wins face-off versus Brad Lambert in Sarnia Sailors zone.
6:57 of 2nd period - Backhand shot by Jamie Drysdale.
6:57 of 2nd period - Shot Blocked by Pierre-Olivier Joseph.
7:19 of 2nd period - Wrist shot by Tristen Nielsen.
7:19 of 2nd period - Stopped by Adam Scheel with a rebound.
7:21 of 2nd period - Snap shot by Jamie Drysdale.
7:21 of 2nd period - Deflect By Pierre-Olivier Joseph.
7:21 of 2nd period - Stopped by Adam Scheel with a rebound.
8:12 of 2nd period - Snap shot by Arthur Kaliyev.
8:12 of 2nd period - Deflect By Travis Boyd.
8:12 of 2nd period - Shot Misses the Net.
8:12 of 2nd period - Puck is out of play.
8:13 of 2nd period - Nick Cousins wins face-off versus Brad Lambert in Toronto St Pats zone.
8:13 of 2nd period - Sam Malinski is hit by Arthur Kaliyev and loses puck.
8:36 of 2nd period - Icing by Jack Rathbone.
8:37 of 2nd period - Tristen Nielsen wins face-off versus Brendan Brisson in Sarnia Sailors zone.
8:37 of 2nd period - Tristen Nielsen is hit by Brendan Brisson.
8:49 of 2nd period - Brendan Brisson is hit by Jesse Puljujarvi and loses puck.
9:13 of 2nd period - Wrist shot by Connor Dewar.
9:13 of 2nd period - Goal by Connor Dewar - Sarnia Sailors : 0 - Toronto St Pats : 2.
9:14 of 2nd period - Brad Lambert wins face-off versus Brendan Gaunce in neutral zone.
9:30 of 2nd period - Snap shot by Arthur Kaliyev.
9:30 of 2nd period - Shot Blocked by Brett Berard.
9:52 of 2nd period - Slapshot by Scott Perunovich.
9:52 of 2nd period - Stopped by Sebastian Cossa with a rebound.
10:22 of 2nd period - Minor Penalty to Declan Chisholm for Tripping.
10:23 of 2nd period - Brendan Brisson wins face-off versus Logan Morrison in Sarnia Sailors zone.
10:28 of 2nd period - Wrist shot by Austin Watson.
10:28 of 2nd period - Stopped by Sebastian Cossa without a rebound.
10:29 of 2nd period - Logan Morrison wins face-off versus Brendan Brisson in Sarnia Sailors zone.
11:26 of 2nd period - Snap shot by Arthur Kaliyev.
11:26 of 2nd period - Shot Blocked by Scott Perunovich.
12:21 of 2nd period - Icing by Mackie Samoskevich.
12:22 of 2nd period - Penalty to Declan Chisholm is over, Declan Chisholm is back on ice.
12:22 of 2nd period - Brendan Brisson wins face-off versus Antti Saarela in Toronto St Pats zone.
12:22 of 2nd period - Brendan Brisson is hit by Lucas Edmonds.
12:28 of 2nd period - Landon Slaggert is hit by Matthew Maggio and loses puck.
12:47 of 2nd period - Arthur Kaliyev is hit by Brett Berard and loses puck.
13:13 of 2nd period - Snap shot by Nick Cousins.
13:13 of 2nd period - Shot Misses the Net.
13:25 of 2nd period - Slapshot by Jamie Drysdale.
13:25 of 2nd period - Stopped by Adam Scheel without a rebound.
13:26 of 2nd period - John Farinacci wins face-off versus Tristen Nielsen in Toronto St Pats zone.
13:31 of 2nd period - Backhand shot by Pierre-Olivier Joseph.
13:31 of 2nd period - Stopped by Sebastian Cossa with a rebound.
13:33 of 2nd period - Snap shot by John Farinacci.
13:33 of 2nd period - Shot Misses the Net.
13:35 of 2nd period - Snap shot by Bogdan Trineyev.
13:35 of 2nd period - Shot Blocked by Jack Rathbone.
13:41 of 2nd period - Wrist shot by Bogdan Trineyev.
13:41 of 2nd period - Shot Misses the Net.
14:11 of 2nd period - Snap shot by Tristen Nielsen.
14:11 of 2nd period - Shot Blocked by Pierre-Olivier Joseph.
14:29 of 2nd period - Wrist shot by John Farinacci.
14:29 of 2nd period - Shot Blocked by Jesse Puljujarvi.
14:31 of 2nd period - Wrist shot by John Farinacci.
14:31 of 2nd period - Shot Misses the Net.
14:35 of 2nd period - Wrist shot by Matthew Maggio.
14:35 of 2nd period - Stopped by Sebastian Cossa with a rebound.
14:37 of 2nd period - Wrist shot by Bogdan Trineyev.
14:37 of 2nd period - Stopped by Sebastian Cossa without a rebound.
14:38 of 2nd period - Arthur Kaliyev wins face-off versus Brendan Brisson in Sarnia Sailors zone.
14:41 of 2nd period - Slapshot by Brendan Brisson.
14:41 of 2nd period - Deflect By Jamie Drysdale.
14:41 of 2nd period - Stopped by Sebastian Cossa with a rebound.
14:43 of 2nd period - Wrist shot by Austin Watson.
14:43 of 2nd period - Shot Misses the Net.
16:14 of 2nd period - Wrist shot by Lucas Edmonds.
16:14 of 2nd period - Shot Misses the Net.
16:30 of 2nd period - Brendan Brisson is hit by Samuel Walker and loses puck.
16:49 of 2nd period - Matthew Maggio is hit by Adam Erne.
17:23 of 2nd period - Slapshot by Travis Boyd.
17:23 of 2nd period - Shot Blocked by Adam Ginning.
17:58 of 2nd period - Snap shot by Lucas Edmonds.
17:58 of 2nd period - Stopped by Adam Scheel without a rebound.
17:59 of 2nd period - Logan Morrison wins face-off versus Connor Dewar in Toronto St Pats zone.
18:00 of 2nd period - Snap shot by Samuel Walker.
18:00 of 2nd period - Stopped by Adam Scheel without a rebound.
18:01 of 2nd period - Connor Dewar wins face-off versus Logan Morrison in Toronto St Pats zone.
18:01 of 2nd period - Connor Dewar is hit by Logan Morrison.
18:27 of 2nd period - Brendan Brisson is hit by Jack Rathbone and loses puck.
18:51 of 2nd period - Wrist shot by Jesse Puljujarvi.
18:51 of 2nd period - Shot Misses the Net.
18:58 of 2nd period - Minor Penalty to Brad Lambert for Slashing.
18:59 of 2nd period - Connor Dewar wins face-off versus Logan Morrison in Sarnia Sailors zone.
Goals for this period are 0 for Sarnia Sailors vs 1 for Toronto St Pats.
Shots for this period are 9 for Sarnia Sailors vs 14 for Toronto St Pats.
3rd period
0:01 of 3rd period - Logan Morrison wins face-off versus Connor Dewar in neutral zone.
0:31 of 3rd period - Slapshot by Scott Perunovich.
0:31 of 3rd period - Shot Misses the Net.
0:58 of 3rd period - Penalty to Brad Lambert is over, Brad Lambert is back on ice.
1:33 of 3rd period - Wrist shot by Matthew Maggio.
1:33 of 3rd period - Shot Blocked by Antti Saarela.
1:47 of 3rd period - Slapshot by Lucas Carlsson.
1:47 of 3rd period - Stopped by Sebastian Cossa with a rebound.
1:49 of 3rd period - Wrist shot by Lucas Carlsson.
1:49 of 3rd period - Stopped by Sebastian Cossa with a rebound.
1:51 of 3rd period - Slapshot by Nick Cousins.
1:51 of 3rd period - Stopped by Sebastian Cossa with a rebound.
2:09 of 3rd period - Tyson Hinds is hit by Nikita Okhotiuk and loses puck.
2:42 of 3rd period - Icing by Declan Chisholm.
2:43 of 3rd period - Connor Dewar wins face-off versus Antti Saarela in Sarnia Sailors zone.
2:54 of 3rd period - Slapshot by Declan Chisholm.
2:54 of 3rd period - Shot Misses the Net.
3:17 of 3rd period - Slapshot by Declan Chisholm.
3:17 of 3rd period - Stopped by Adam Scheel with a rebound.
3:39 of 3rd period - Minor Penalty to Austin Watson for Roughing.
3:40 of 3rd period - Connor Dewar wins face-off versus Brad Lambert in Toronto St Pats zone.
3:40 of 3rd period - Connor Dewar is hit by Brad Lambert.
5:39 of 3rd period - Penalty to Austin Watson is over, Austin Watson is back on ice.
5:51 of 3rd period - Lucas Edmonds is hit by Brendan Gaunce and loses puck.
5:56 of 3rd period - Snap shot by Ryan Tverberg.
5:56 of 3rd period - Stopped by Sebastian Cossa with a rebound.
5:58 of 3rd period - Wrist shot by Brett Berard.
5:58 of 3rd period - Stopped by Sebastian Cossa without a rebound.
5:59 of 3rd period - John Farinacci wins face-off versus Antti Saarela in Sarnia Sailors zone.
6:00 of 3rd period - Slapshot by Lucas Carlsson.
6:00 of 3rd period - Shot Misses the Net.
6:02 of 3rd period - Slapshot by Lassi Thomson.
6:02 of 3rd period - Stopped by Sebastian Cossa with a rebound.
6:03 of 3rd period - Lassi Thomson and Adam Ginning fight to a draw.
6:03 of 3rd period - Penalty to Lassi Thomson for Fighting.
6:03 of 3rd period - Penalty to Adam Ginning for Fighting.
6:03 of 3rd period - Penalty to Lassi Thomson for instigated a fight.
6:03 of 3rd period - Penalty to Lassi Thomson for instigated a fight.
6:04 of 3rd period - Brad Lambert wins face-off versus Connor Dewar in Sarnia Sailors zone.
6:20 of 3rd period - Slapshot by Declan Chisholm.
6:20 of 3rd period - Shot Misses the Net.
6:30 of 3rd period - Backhand shot by Cole Reinhardt.
6:30 of 3rd period - Stopped by Adam Scheel without a rebound.
6:31 of 3rd period - Connor Dewar wins face-off versus Tristen Nielsen in Toronto St Pats zone.
8:03 of 3rd period - Penalty to Lassi Thomson is over, John Farinacci is send on ice.
8:30 of 3rd period - Snap shot by Logan Morrison.
8:30 of 3rd period - Deflect By Samuel Walker.
8:30 of 3rd period - Shot Misses the Net.
8:30 of 3rd period - Puck is out of play.
8:31 of 3rd period - Logan Morrison wins face-off versus Brendan Gaunce in Toronto St Pats zone.
8:32 of 3rd period - Snap shot by Samuel Walker.
8:32 of 3rd period - Shot Misses the Net.
8:34 of 3rd period - Snap shot by Samuel Walker.
8:34 of 3rd period - Shot Misses the Net.
8:36 of 3rd period - Slapshot by Tyson Hinds.
8:36 of 3rd period - Deflect By Logan Morrison.
8:36 of 3rd period - Shot Misses the Net.
8:36 of 3rd period - Puck is out of play.
8:37 of 3rd period - Brendan Gaunce wins face-off versus Logan Morrison in Toronto St Pats zone.
8:37 of 3rd period - Brendan Gaunce is hit by Logan Morrison.
9:03 of 3rd period - Pierre-Olivier Joseph is hit by Brad Lambert and loses puck.
9:27 of 3rd period - Icing by Pierre-Olivier Joseph.
9:28 of 3rd period - Bogdan Trineyev wins face-off versus Tristen Nielsen in Toronto St Pats zone.
9:32 of 3rd period - Icing by Pierre-Olivier Joseph.
9:33 of 3rd period - Vasili Podkolzin wins face-off versus John Farinacci in Toronto St Pats zone.
9:34 of 3rd period - Wrist shot by Arthur Kaliyev.
9:34 of 3rd period - Shot Hit the Post.
9:40 of 3rd period - Snap shot by Nikita Okhotiuk.
9:40 of 3rd period - Stopped by Sebastian Cossa with a rebound.
9:42 of 3rd period - Snap shot by John Farinacci.
9:42 of 3rd period - Shot Blocked by Jamie Drysdale.
9:46 of 3rd period - Wrist shot by Bogdan Trineyev.
9:46 of 3rd period - Shot Misses the Net.
9:48 of 3rd period - Slapshot by Nikita Okhotiuk.
9:48 of 3rd period - Stopped by Sebastian Cossa with a rebound.
9:50 of 3rd period - Slapshot by Pierre-Olivier Joseph.
9:50 of 3rd period - Stopped by Sebastian Cossa without a rebound.
9:51 of 3rd period - Mackie Samoskevich wins face-off versus Tristen Nielsen in Sarnia Sailors zone.
10:31 of 3rd period - Minor Penalty to Lucas Carlsson for Interference.
10:32 of 3rd period - Connor Dewar wins face-off versus Vasili Podkolzin in Toronto St Pats zone.
11:03 of 3rd period - Penalty to Lassi Thomson is over, John Farinacci is send on ice.
12:31 of 3rd period - Penalty to Lucas Carlsson is over, Lucas Carlsson is back on ice.
12:34 of 3rd period - Pierre-Olivier Joseph is hit by Jamie Drysdale and loses puck.
12:41 of 3rd period - Snap shot by Logan Morrison.
12:41 of 3rd period - Shot Misses the Net.
14:16 of 3rd period - Connor Dewar is hit by Jett Woo.
15:07 of 3rd period - Matthew Maggio is hit by Samuel Walker and loses puck.
15:55 of 3rd period - Lucas Carlsson is hit by Jamie Drysdale and loses puck.
16:08 of 3rd period - Jamie Drysdale is hit by Sam Malinski and loses puck.
16:27 of 3rd period - Wrist shot by Jamie Drysdale.
16:27 of 3rd period - Stopped by Adam Scheel without a rebound.
16:28 of 3rd period - Connor Dewar wins face-off versus Brad Lambert in Toronto St Pats zone.
16:28 of 3rd period - Connor Dewar is hit by Arthur Kaliyev.
17:49 of 3rd period - Jesse Puljujarvi is hit by Lucas Carlsson and loses puck.
18:07 of 3rd period - Nick Cousins is hit by Vasili Podkolzin and loses puck.
18:49 of 3rd period - Icing by Adam Ginning.
18:50 of 3rd period - Tristen Nielsen wins face-off versus Brendan Gaunce in Sarnia Sailors zone.
19:03 of 3rd period - Backhand shot by Jett Woo.
19:03 of 3rd period - Shot Blocked by Sam Malinski.
19:45 of 3rd period - Brendan Gaunce is hit by Cole Reinhardt and loses puck.
Goals for this period are 0 for Sarnia Sailors vs 0 for Toronto St Pats.
Shots for this period are 3 for Sarnia Sailors vs 9 for Toronto St Pats.
Back to the Top